 Dungeon Crawl Stone Soup version 0.25-a0-2-g6559c6c67a (webtiles) character file.

Game seed: 16407576644745653073, levelgen mode: deterministic

49 Peloso the Shield-Bearer (level 3, 0/33 HPs)
             Began as a Minotaur Fighter on Oct 14, 2019.
             Slain by a worm (5 damage)
             ... on level 2 of the Dungeon.
             The game lasted 00:01:40 (767 turns).

Peloso the Shield-Bearer (Minotaur Fighter)          Turns: 767, Time: 00:01:40

Health: 0/33       AC:  7    Str: 20    XL:     3   Next: 53%
Magic:  2/2        EV:  7    Int:  5    God:
Gold:   5          SH:  9    Dex: 10    Spells: 2/2 levels left

rFire    . . .     SeeInvis .   a - +0 long sword
rCold    . . .     Gourm    .   c - +0 shield
rNeg     + . .     Faith    .   b - +0 scale mail
rPois    .         Spirit   .   (helmet restricted)
rElec    .         Reflect  .   (no cloak)
rCorr    .         Harm     .   (no gloves)
MR       .....                  (no boots)
Stlth    ..........             (no amulet)
HPRegen  0.11/turn              e - ring of positive energy
MPRegen  0.08/turn              (no ring)

@: no status effects
A: retaliatory headbutt, horns 2
a: no special abilities


You were on level 2 of the Dungeon.
You were not hungry.

You visited 1 branch of the dungeon, and saw 2 of its levels.

You collected 5 gold pieces.

Inventory:

Hand Weapons
 a - a +0 long sword (weapon)
Armour
 b - a +0 scale mail (worn)
 c - a +0 shield (worn)
Jewellery
 e - a ring of positive energy (left hand)
Scrolls
 g - 2 scrolls of identify {unknown}
 h - a scroll of random uselessness {unknown}
Potions
 d - a potion of might
Comestibles
 f - 5 rations


   Skills:
 + Level 4.0 Fighting
 + Level 2.5 Long Blades
 + Level 4.4 Armour
 + Level 0.6 Dodging
 + Level 4.4 Shields


You had 2 spell levels left.
You didn't know any spells.
Your spell library was empty.

Dungeon Overview and Level Annotations

Branches:
Dungeon (1/15)

Altars:
Dithmenos
Kikubaaqudgha
The Shining One


Innate Abilities, Weirdness & Mutations

You reflexively headbutt those who attack you in melee.
You have a pair of horns on your head.


Message History

You block the frilled lizard's attack.
You slash the frilled lizard!
You kill the frilled lizard!
You barely miss the worm.
Your shield and scale mail prevent you from hitting the worm.
The worm bites you!
You barely miss the worm. The worm bites you!
You slash the worm!
The worm is severely wounded.
The worm bites you!
* * * LOW HITPOINT WARNING * * *
You hit the worm. Your headbutt misses the worm.
The worm is severely wounded.
The worm bites you.
* * * LOW HITPOINT WARNING * * *
Your shield and scale mail prevent you from hitting the worm.
You headbutt the worm.
The worm is almost dead.
The worm bites you.
You die...

......._...#.####....####.#....#
#####.......†...<.....##.###)#.#
#...............>........#.#
##.####.#####....).........# #.#
#.# ##...#......≈≈≈≈ #.# #.#
##..#........≈≈ #.# #.#
####..#.≈.≈≈≈≈≈≈≈≈ #.# #.#
#.....#...≈≈≈≈≈≈≈ #.# #.#
#@##..#.≈.≈≈≈≈≈≈≈ #.#
#.####w##..#...≈≈≈.♣≈ #..
.....#.##..#...≈≈≈♣_
#.....(.†....≈≈≈.
#...†........≈≈≈≈
#............≈≈≈≈≈≈
###.##....[...≈≈≈≈≈
#..........≈.≈..≈
#.........#.≈....


You could see a worm.

Vanquished Creatures
  An adder (D:2)
  2 oozes (D:2)
  2 leopard geckos
  2 giant cockroaches
  3 goblins
  2 hobgoblins
  3 jackals (D:1)
  A ball python (D:2)
  3 bats (D:2)
  3 frilled lizards
  5 kobolds
  4 rats
31 creatures vanquished.

Notes
Turn   | Place    | Note
-------+----------+-------------------------------------------
     0 | D:1      | Peloso the Minotaur Fighter began the quest for the Orb.
     0 | D:1      | Reached XP level 1. HP: 19/19 MP: 0/0
   154 | D:1      | Reached XP level 2. HP: 27/27 MP: 1/1
   599 | D:1      | You fall into a shaft and drop 1 floor!
   617 | D:2      | Found a glowing golden altar of the Shining One.
   619 | D:2      | Found an ancient bone altar of Kikubaaqudgha.
   621 | D:2      | Found a shadowy altar of Dithmenos.
   696 | D:2      | Reached XP level 3. HP: 33/33 MP: 2/2
   716 | D:2      | Found a faded altar of an unknown god.
   767 | D:2      | Slain by a worm

Levels and vault maps discovered:
D:1:      mushboom_english_gardens, layout_loops_ring
D:2:      layout_loops_ring, grunt_temple_overflow_open,
          chequers_ecumenical_altar_island, nicolae_ru_great_annihilating_truth

Skill      XL: |  1  2 |
---------------+-------+-----
Armour         | 4 |  4.4
Fighting       | 4 |  4.0
Shields        | 4 |  4.4
Long Blades    | |  2.5
Dodging        | |  0.6

Action                   || total
-------------------------++-------
Melee: Long sword        ||    73
       Headbutt          ||    12
Armor: Scale mail        ||    40
Dodge: Dodged            ||    34
Block: Shield            ||    51
       Rpst.: Long sword ||     6

Table legend:
 A = Non-vault XP
 B = Vault XP
 C = Vault XP percentage of total XP
 D = Non-vault monster count
 E = Vault monster count
 F = Vault count percentage of total count
                 A         B        C        D         E       F
            +---------+---------+-------+---------+---------+-------
      Total |      71 |       0 |   0.0 |      31 |       0 |   0.0
            +---------+---------+-------+---------+---------+-------
        D:1 |      25 |       0 |   0.0 |      16 |       0 |   0.0
        D:2 |      46 |       0 |   0.0 |      15 |       0 |   0.0
            +---------+---------+-------+---------+---------+-------
